[Event "Turkish Super League 2019"]
[Site "Konya"]
[Date "2019.07.21"]
[Round "6"]
[White "Daulyte-Cornette, Deimante"]
[Black "Osmak, Iulija"]
[Result "1/2-1/2"]
[ECO "C01"]
[WhiteElo "2444"]
[BlackElo "2395"]
[Annotator "NA"]
[PlyCount "113"]
[EventDate "2019.07.17"]
[EventType "team-tourn"]
[EventCountry "TUR"]
[SourceTitle "playchess.com"]
[Source "ChessBase"]
[SourceQuality "1"]
[TimeControl "40/5400+30:1800+30"]

1. e4 e6 2. d4 d5 3. Nc3 Bb4 4. exd5 exd5 5. Bd3 Ne7 6. Nf3 Bg4 7. O-O h6 8. h3 Bh5 9. Re1 O-O 10. a3 Bxc3 11. bxc3 Nbc6 12. Bf4 Ng6 13. Bh2 Nh4 14. Be2 Nxf3+ 15. Bxf3 Bxf3 16. Qxf3 Na5 17. Re5 c6 18. Rae1 Qd7 19. Qe2 Qd6 20. Re3 Qg6 21. Be5 f6 22. Bd6 Rf7 23. h4 Rd7 24. h5 Qf7 25. Bf4 Nc4 26. Rg3 Kf8 27. Qd3 Re8 28. Rxe8+ Kxe8 29. Qf5 Kd8 30. a4 Qe8 31. Kh2 b6 32. Rg6 Qe4 33. Qg4 Qe7 34. Bg3 Kc8 35. Qf4 Kb7 36. Qb8+ Ka6 37. Qc8+ Rb7 38. Bf4 Qd7 39. Qf8 Qf5 40. Kg3 Qd7 41. Rg4 Qe7 42. Qc8 Nb2 43. Qxc6 Qd7 44. Qd6 Nxa4 45. Qa3 Qc6 46. Kh4 Qe8 47. Bd6 Rf7 48. Kh3 Kb7 49. Kh2 Rd7 50. Qxa4 Qxh5+ 51. Kg3 Qf7 52. Ba3 g5 53. Kh2 Qh5+ 54. Kg3 Qf7 55. Kh2 Qh5+ 56. Kg3 Qf7 57. Kh2 1/2-1/2

[Event "Turkish Super League 2019"]
[Site "Konya"]
[Date "2019.07.21"]
[Round "6"]
[White "Soysal, Serkan"]
[Black "Kerigan, Demre"]
[Result "0-1"]
[ECO "E71"]
[WhiteElo "2431"]
[BlackElo "2398"]
[Annotator "NA"]
[PlyCount "98"]
[EventDate "2019.07.17"]
[EventType "team-tourn"]
[EventCountry "TUR"]
[SourceTitle "playchess.com"]
[Source "ChessBase"]
[SourceQuality "1"]
[TimeControl "40/5400+30:1800+30"]

1. d4 g6 2. e4 d6 3. c4 Bg7 4. Nc3 Nf6 5. h3 O-O 6. Be3 c5 7. dxc5 dxc5 8. Qxd8 Rxd8 9. e5 Nfd7 10. f4 b6 11. Be2 Bb7 12. Nf3 Nc6 13. Kf2 Nf8 14. Rad1 Ne6 15. Nd5 Kf8 16. Bd3 Rd7 17. h4 Rad8 18. h5 Nc7 19. Nxc7 Rxd3 20. Rxd3 Rxd3 21. h6 Bh8 22. Nd5 Ba6 23. b3 f6 24. f5 gxf5 25. e6 Ne5 26. Bf4 Ng4+ 27. Ke1 Ne5 28. Rh3 Rxd5 29. Bxe5 Rd8 30. Bc7 Rc8 31. Bh2 Rc6 32. Rh5 Bc8 33. Rxf5 Bxe6 34. Rf4 Bf7 35. Nh4 Re6+ 36. Kd2 Re5 37. g4 Rg5 38. Re4 e5 39. Nf3 Rg6 40. g5 f5 41. Rxe5 Bxe5 42. Bxe5 Re6 43. Bf6 Re4 44. Ne5 Be8 45. a3 Kg8 46. Kd3 Bh5 47. Nc6 Bg6 48. Ne5 f4 49. Kd2 Bh5 0-1

[Event "Turkish Super League 2019"]
[Site "Konya"]
[Date "2019.07.21"]
[Round "6"]
[White "Ozen, Deniz"]
[Black "Firat, Burak"]
[Result "1/2-1/2"]
[ECO "B51"]
[WhiteElo "2430"]
[BlackElo "2463"]
[Annotator "ChessBase"]
[PlyCount "45"]
[EventDate "2019.07.17"]
[EventType "team-tourn"]
[EventCountry "TUR"]
[SourceTitle "playchess.com"]
[Source "ChessBase"]
[SourceQuality "1"]
[TimeControl "40/5400+30:1800+30"]

1. e4 c5 2. Nf3 d6 3. Bb5+ Nd7 4. Ba4 Ngf6 5. O-O e6 6. Re1 a6 7. c4 Be7 8. Nc3 O-O 9. d3 Qc7 10. h3 Rd8 11. a3 Nf8 12. Be3 Ng6 13. Rc1 Bd7 14. Bxd7 Nxd7 15. b4 Bf6 16. Qb3 Nge5 17. Nxe5 Nxe5 18. Ne2 b6 19. Red1 Rac8 20. Rb1 Rb8 21. Rbc1 Rbc8 22. Rb1 Rb8 23. Rbc1 1/2-1/2

[Event "Turkish Super League 2019"]
[Site "Konya"]
[Date "2019.07.21"]
[Round "6"]
[White "Szczepkowska, Karina"]
[Black "Dordzhieva, Dinara"]
[Result "1/2-1/2"]
[ECO "E94"]
[WhiteElo "2425"]
[BlackElo "2306"]
[Annotator "NA"]
[PlyCount "71"]
[EventDate "2019.07.17"]
[EventType "team-tourn"]
[EventCountry "TUR"]
[SourceTitle "playchess.com"]
[Source "ChessBase"]
[SourceQuality "1"]
[TimeControl "40/5400+30:1800+30"]

1. d4 d6 2. Nf3 g6 3. c4 Bg7 4. Nc3 Nf6 5. e4 O-O 6. Be2 e5 7. O-O Nbd7 8. Be3 a5 9. dxe5 dxe5 10. Qc2 c6 11. Nd2 Qe7 12. Na4 Ne8 13. Bg4 Nd6 14. Be2 Ne8 15. Rfd1 Nc7 16. c5 Ne6 17. Nb3 f5 18. exf5 gxf5 19. f3 Kh8 20. Bf1 Ng5 21. Nd2 e4 22. f4 Ne6 23. Nc4 Nf6 24. Nab6 Rb8 25. Nd6 Ng4 26. Qe2 Nxe3 27. Qxe3 Bd7 28. Rab1 Be8 29. Kh1 Bh5 30. Rd2 Rbd8 31. Nbc4 a4 32. g3 Nc7 33. Nb6 Ne8 34. Nbc4 Nc7 35. Nb6 Ne8 36. Nbc4 1/2-1/2

[Event "Turkish Super League 2019"]
[Site "Konya"]
[Date "2019.07.21"]
[Round "6"]
[White "Gadimbayli, Abdulla"]
[Black "Rasulov, Vugar"]
[Result "1/2-1/2"]
[ECO "B51"]
[WhiteElo "2414"]
[BlackElo "2534"]
[Annotator "ChessBase"]
[PlyCount "68"]
[EventDate "2019.07.17"]
[EventType "team-tourn"]
[EventCountry "TUR"]
[SourceTitle "playchess.com"]
[Source "ChessBase"]
[SourceQuality "1"]
[TimeControl "40/5400+30:1800+30"]

1. e4 c5 2. Nf3 d6 3. Bb5+ Nd7 4. O-O a6 5. Be2 Ngf6 6. d3 e6 7. a4 b6 8. Na3 Bb7 9. Bf4 Be7 10. Nc4 e5 11. Bg3 Nh5 12. Bh4 Nhf6 13. Ne3 g6 14. Nd2 O-O 15. c3 d5 16. exd5 Nxd5 17. Bxe7 Qxe7 18. Bf3 N7f6 19. Nxd5 Bxd5 20. Re1 Rad8 21. Bxd5 Rxd5 22. Qb3 Rb8 23. Nf3 Qd6 24. h3 Kg7 25. Re3 b5 26. axb5 axb5 27. Ra7 c4 28. dxc4 bxc4 29. Qxc4 e4 30. Nd4 Rxb2 31. g3 Rb8 32. Kg2 h5 33. Rc7 Rb6 34. Ne2 h4 1/2-1/2

[Event "Turkish Super League 2019"]
[Site "Konya"]
[Date "2019.07.21"]
[Round "6"]
[White "Gulbas, Cemil"]
[Black "Ertan, Can"]
[Result "1/2-1/2"]
[ECO "C54"]
[WhiteElo "2380"]
[BlackElo "2396"]
[Annotator "NA"]
[PlyCount "115"]
[EventDate "2019.07.17"]
[EventType "team-tourn"]
[EventCountry "TUR"]
[SourceTitle "playchess.com"]
[Source "ChessBase"]
[SourceQuality "1"]
[TimeControl "40/5400+30:1800+30"]

1. e4 e5 2. Nf3 Nc6 3. Bc4 Bc5 4. c3 Nf6 5. d3 O-O 6. Bg5 d6 7. Bb3 h6 8. Bh4 a6 9. Nbd2 Be6 10. Nf1 g5 11. Bg3 d5 12. Qe2 dxe4 13. dxe4 Bxb3 14. axb3 Qd6 15. h4 g4 16. N3d2 Rad8 17. h5 Kh7 18. Bh4 Rd7 19. Nc4 Qe6 20. Bxf6 Qxf6 21. Nce3 Rg8 22. Rd1 Rxd1+ 23. Kxd1 Qf4 24. Ng3 Rd8+ 25. Kc2 Ne7 26. Rf1 Rd6 27. b4 Ba7 28. Nef5 Nxf5 29. Nxf5 Rd7 30. f3 gxf3 31. Rxf3 Qg5 32. Rg3 Qf4 33. Kb3 c5 34. bxc5 Bxc5 35. Rg7+ Kh8 36. Qc4 Qf2 37. Ka2 b5 38. Qb3 Qxf5 39. exf5 Kxg7 40. Qc2 Rd6 41. Qe4 Kf6 42. g4 Bb6 43. g5+ Kxg5 44. Qxe5 Rf6 45. Qb8 Bf2 46. Qd8 Bh4 47. b3 Kxh5 48. c4 Rxf5 49. Qd1+ Kg6 50. c5 Bg3 51. Qd3 Be5 52. c6 h5 53. Kb1 f6 54. Qc2 Bc7 55. Qe4 Be5 56. Qc2 Bc7 57. Qe4 Be5 58. Qc2 1/2-1/2

[Event "Turkish Super League 2019"]
[Site "Konya"]
[Date "2019.07.21"]
[Round "6"]
[White "Buksa, Nataliya"]
[Black "Tsolakidou, Stavroula"]
[Result "1-0"]
[ECO "C70"]
[WhiteElo "2379"]
[BlackElo "2423"]
[Annotator "NA"]
[PlyCount "71"]
[EventDate "2019.07.17"]
[EventType "team-tourn"]
[EventCountry "TUR"]
[SourceTitle "playchess.com"]
[Source "ChessBase"]
[SourceQuality "1"]
[TimeControl "40/5400+30:1800+30"]

1. e4 e5 2. Nf3 Nc6 3. Bb5 g6 4. c3 a6 5. Ba4 Bg7 6. d4 exd4 7. cxd4 b5 8. Bc2 d6 9. d5 Na5 10. Bd2 Bxb2 11. Bxa5 Bxa1 12. Nc3 Bb2 13. O-O Nf6 14. Qd2 O-O 15. Nd1 Ba3 16. Bc3 Ne8 17. Ne3 Bc5 18. Ba1 Bd7 19. Nd4 Qh4 20. Nc6 h6 21. g3 Qg5 22. Qc3 Kh7 23. h4 b4 24. Qd3 Bxc6 25. hxg5 Bb5 26. Nc4 hxg5 27. Kg2 Ng7 28. g4 Kg8 29. Rh1 f6 30. Rh6 Rf7 31. Qh3 Rff8 32. Ne3 Kf7 33. Rh7 Rg8 34. Qf3 Raf8 35. Qxf6+ Ke8 36. Qxg6+ 1-0

[Event "Turkish Super League 2019"]
[Site "Konya"]
[Date "2019.07.21"]
[Round "6"]
[White "Arat, Ufuk Sezen"]
[Black "Samani, Yamac"]
[Result "0-1"]
[ECO "E05"]
[WhiteElo "2376"]
[BlackElo "2266"]
[Annotator "NA"]
[PlyCount "90"]
[EventDate "2019.07.17"]
[EventType "team-tourn"]
[EventCountry "TUR"]
[SourceTitle "playchess.com"]
[Source "ChessBase"]
[SourceQuality "1"]
[TimeControl "40/5400+30:1800+30"]

1. d4 Nf6 2. c4 e6 3. g3 d5 4. Bg2 Be7 5. Nf3 O-O 6. O-O dxc4 7. Qa4 a6 8. Qxc4 b5 9. Qc2 Bb7 10. Bd2 Be4 11. Qc1 Nc6 12. Nc3 Bxf3 13. Bxf3 Nxd4 14. Bxa8 Qxa8 15. Bf4 c5 16. Be5 Rd8 17. Rd1 Ng4 18. Bxd4 cxd4 19. Nb1 d3 20. Qf4 dxe2 21. Rxd8+ Bxd8 22. Nc3 h5 23. Re1 b4 24. Qe4 Qa7 25. Rxe2 bxc3 26. bxc3 Nxf2 27. Qc6 Ng4+ 28. Kg2 Bf6 29. c4 Ne3+ 30. Kf3 Nf5 31. Kg2 Nd4 32. Qc8+ Kh7 33. Rd2 Qb6 34. Qa8 Nf5 35. Qe4 Qe3 36. Qd3 Bc3 37. Rd1 Bd4 38. Kh1 Qe5 39. Qf3 g6 40. Rc1 Kg7 41. Qf4 Qc5 42. Qe4 Nd6 43. Qe2 e5 44. h3 Nf5 45. Kh2 Nxg3 0-1

[Event "Turkish Super League 2019"]
[Site "Konya"]
[Date "2019.07.21"]
[Round "6"]
[White "Can, Isik"]
[Black "Ozer, Omer Faruk"]
[Result "1-0"]
[ECO "B33"]
[WhiteElo "2374"]
[BlackElo "2369"]
[Annotator "NA"]
[PlyCount "109"]
[EventDate "2019.07.17"]
[EventType "team-tourn"]
[EventCountry "TUR"]
[SourceTitle "playchess.com"]
[Source "ChessBase"]
[SourceQuality "1"]
[TimeControl "40/5400+30:1800+30"]

1. e4 c5 2. Nf3 Nc6 3. d4 cxd4 4. Nxd4 Nf6 5. Nc3 e5 6. Ndb5 d6 7. Bg5 a6 8. Na3 Be6 9. Nc4 Rb8 10. Nd5 Bxd5 11. exd5 Na7 12. a4 Be7 13. Be2 O-O 14. Be3 Nc8 15. O-O Nd7 16. f3 Bg5 17. Bf2 Ndb6 18. Nxb6 Nxb6 19. a5 Nd7 20. b4 Qf6 21. c4 Qh6 22. Qb3 Rbc8 23. Ra2 Rfe8 24. Bd3 Be3 25. Bxh7+ Qxh7 26. Bxe3 f5 27. c5 f4 28. Bf2 Nf6 29. cxd6 Rcd8 30. Bc5 e4 31. fxe4 Qxe4 32. Rd2 g5 33. g3 Kf7 34. Qd3 Re5 35. Qxe4 Rxe4 36. Kg2 Kg6 37. Rb1 g4 38. gxf4 Nh5 39. f5+ Kxf5 40. Rf1+ Nf4+ 41. Kh1 Ke5 42. Rdf2 Rd7 43. Rd1 Rh7 44. d7 Rxd7 45. d6 Ke6 46. Rff1 Rh7 47. Rfe1 Ne2 48. Kg2 Kd7 49. Bf2 Nf4+ 50. Kh1 Ne2 51. Rc1 Rh3 52. Rc7+ Kxd6 53. Rc2 g3 54. Bc5+ Kd5 55. Rexe2 1-0

[Event "Turkish Super League 2019"]
[Site "Konya"]
[Date "2019.07.21"]
[Round "6"]
[White "Tarlabasi, Emirhan"]
[Black "Sevgi, Volkan"]
[Result "1-0"]
[ECO "E12"]
[WhiteElo "2352"]
[BlackElo "2302"]
[Annotator "NA"]
[PlyCount "115"]
[EventDate "2019.07.17"]
[EventType "team-tourn"]
[EventCountry "TUR"]
[SourceTitle "playchess.com"]
[Source "ChessBase"]
[SourceQuality "1"]
[TimeControl "40/5400+30:1800+30"]

1. d4 Nf6 2. c4 e6 3. Nf3 b6 4. a3 Ba6 5. Nbd2 d5 6. e3 Be7 7. Bd3 O-O 8. b3 c5 9. dxc5 bxc5 10. O-O Bb7 11. Bb2 Nbd7 12. Qc2 Bd6 13. Rac1 Re8 14. Rfe1 Qb8 15. cxd5 exd5 16. e4 d4 17. b4 cxb4 18. Bxd4 a5 19. axb4 axb4 20. Nc4 Bc5 21. Bb2 b3 22. Qb1 Qf4 23. Ncd2 Ng4 24. Re2 Re6 25. g3 Qb8 26. Nxb3 Bxf2+ 27. Rxf2 Nxf2 28. Kxf2 Nf6 29. Bxf6 Rxf6 30. Nc5 Bc6 31. Qxb8+ Rxb8 32. Ke3 Rd8 33. Nd4 g6 34. e5 Re8 35. Ne4 Rxe5 36. Rxc6 Rxc6 37. Nxc6 Re6 38. Nd4 Re7 39. g4 h6 40. Bc4 Kg7 41. h4 Rc7 42. Nd6 Re7+ 43. Kd3 Re1 44. Nxf7 Rh1 45. Nf3 Rf1 46. N7e5 Kf6 47. g5+ hxg5 48. hxg5+ Kg7 49. Ke3 Ra1 50. Bd3 Ra8 51. Nxg6 Re8+ 52. Nge5 Rh8 53. Nd4 Rh3+ 54. Kf4 Rh1 55. Nf5+ Kh8 56. g6 Rh3 57. Nf7+ Kg8 58. N7h6+ 1-0

[Event "Turkish Super League 2019"]
[Site "Konya"]
[Date "2019.07.21"]
[Round "6"]
[White "Kamer, Kayra"]
[Black "Lobanov, Sergei"]
[Result "0-1"]
[ECO "D46"]
[WhiteElo "2340"]
[BlackElo "2505"]
[Annotator "ChessBase"]
[PlyCount "76"]
[EventDate "2019.07.17"]
[EventType "team-tourn"]
[EventCountry "TUR"]
[SourceTitle "playchess.com"]
[Source "ChessBase"]
[SourceQuality "1"]
[TimeControl "40/5400+30:1800+30"]

1. Nf3 d5 2. d4 Nf6 3. c4 c6 4. e3 e6 5. Nc3 Nbd7 6. Qc2 Bd6 7. Bd3 O-O 8. e4 dxc4 9. Bxc4 e5 10. dxe5 Nxe5 11. Nxe5 Bxe5 12. Be3 Ng4 13. Bc5 Re8 14. f4 Qa5 15. b4 Bxc3+ 16. Qxc3 Rxe4+ 17. Kf1 Rxf4+ 18. Kg1 Qd8 19. g3 Re4 20. Kg2 Rxc4 21. Qxc4 Be6 22. Qd4 Bd5+ 23. Kh3 Qd7 24. Kh4 f6 25. Qxg4 g5+ 26. Kh3 Be6 27. Qxe6+ Qxe6+ 28. Kg2 Qe4+ 29. Kf2 Rd8 30. Rhd1 Qc2+ 31. Ke1 Re8+ 32. Kf1 Qxh2 33. Re1 Rxe1+ 34. Rxe1 b6 35. Re8+ Kf7 36. Re7+ Kg6 37. Bf2 Qh1+ 38. Ke2 Qb1 0-1

[Event "Turkish Super League 2019"]
[Site "Konya"]
[Date "2019.07.21"]
[Round "6"]
[White "Tasdogen, Dincer"]
[Black "Tezcan, Emre"]
[Result "1/2-1/2"]
[ECO "B50"]
[WhiteElo "2310"]
[BlackElo "2082"]
[Annotator "NA"]
[PlyCount "115"]
[EventDate "2019.07.17"]
[EventType "team-tourn"]
[EventCountry "TUR"]
[SourceTitle "playchess.com"]
[Source "ChessBase"]
[SourceQuality "1"]
[TimeControl "40/5400+30:1800+30"]

1. e4 c5 2. Nf3 d6 3. c3 Nf6 4. h3 g6 5. Bd3 Bg7 6. O-O Nc6 7. Bc2 e5 8. a3 O-O 9. b4 Nh5 10. d3 Qe7 11. Re1 a6 12. Nbd2 Nf4 13. Nc4 Qc7 14. Be3 b5 15. Ncd2 Qe7 16. bxc5 dxc5 17. d4 cxd4 18. cxd4 g5 19. d5 Na5 20. Bb6 Nb7 21. Nh2 Nd6 22. a4 Bd7 23. Ng4 h5 24. Ne3 Qf6 25. Bc5 Rfc8 26. Ba3 g4 27. hxg4 hxg4 28. Ndf1 Nc4 29. Bc1 Nxe3 30. Nxe3 Qh4 31. g3 Qh5 32. Nf5 Bxf5 33. gxf4 exf4 34. Bxf4 Bxa1 35. exf5 Bf6 36. d6 Rc4 37. Bg3 Kg7 38. Be4 Rh8 39. Bg2 Qxf5 40. axb5 axb5 41. Qe2 Rhc8 42. Bb7 Rb8 43. Bg2 Rd8 44. Rd1 Rc2 45. Be4 Rxe2 46. Bxf5 Ra2 47. Rd5 b4 48. Rb5 Bc3 49. Rb7 Rd2 50. Be6 R8xd6 51. Bxd6 Rxd6 52. Rxf7+ Kg6 53. Bb3 Rd2 54. Rf4 Kg5 55. Rf8 Bd4 56. Kf1 Bc5 57. Rf7 Rb2 58. Be6 1/2-1/2

[Event "Turkish Super League 2019"]
[Site "Konya"]
[Date "2019.07.21"]
[Round "6"]
[White "Maltsevskaya, Aleksandra"]
[Black "Mammadzada, Gunay"]
[Result "0-1"]
[ECO "E11"]
[WhiteElo "2294"]
[BlackElo "2427"]
[Annotator "NA"]
[PlyCount "120"]
[EventDate "2019.07.17"]
[EventType "team-tourn"]
[EventCountry "TUR"]
[SourceTitle "playchess.com"]
[Source "ChessBase"]
[SourceQuality "1"]
[TimeControl "40/5400+30:1800+30"]

1. d4 Nf6 2. Nf3 e6 3. c4 Bb4+ 4. Nbd2 O-O 5. a3 Be7 6. e4 d6 7. Qc2 Nfd7 8. Be2 e5 9. dxe5 dxe5 10. O-O a5 11. Rd1 c6 12. Nf1 Qc7 13. Ng3 Re8 14. Bd2 a4 15. Bc3 Bf8 16. Rf1 Nc5 17. Ne1 Nbd7 18. Nd3 Nxd3 19. Qxd3 Nc5 20. Qe3 Nb3 21. Rad1 Bc5 22. Qg5 f6 23. Qh4 Be6 24. Bg4 Qf7 25. Nf5 Bxf5 26. Bxf5 g6 27. Rd7 Re7 28. Rxe7 Qxe7 29. Bg4 Bd4 30. Qg3 Qc5 31. Bxd4 Qxd4 32. Qh4 Rf8 33. Rd1 Qxc4 34. Qh6 Nd4 35. h4 Qf7 36. Qe3 Kg7 37. h5 gxh5 38. Bf5 Kh8 39. g3 Qg7 40. Kg2 Qg5 41. f4 Nxf5 42. exf5 Qxf5 43. fxe5 fxe5 44. Re1 h4 45. gxh4 Rd8 46. Qxe5+ Qxe5 47. Rxe5 Rd2+ 48. Kg3 Rxb2 49. Re7 c5 50. Kf4 b5 51. h5 b4 52. h6 Rf2+ 53. Ke3 Rf8 54. Kd3 Rb8 55. Kc2 bxa3 56. Ra7 Kg8 57. Rg7+ Kf8 58. Rxh7 Rb2+ 59. Kc3 Rb3+ 60. Kc4 a2 0-1

[Event "Turkish Super League 2019"]
[Site "Konya"]
[Date "2019.07.21"]
[Round "6"]
[White "Kilic, Efe Mert"]
[Black "Yurtseven, Melih"]
[Result "1-0"]
[ECO "A07"]
[WhiteElo "2275"]
[BlackElo "2381"]
[Annotator "NA"]
[PlyCount "115"]
[EventDate "2019.07.17"]
[EventType "team-tourn"]
[EventCountry "TUR"]
[SourceTitle "playchess.com"]
[Source "ChessBase"]
[SourceQuality "1"]
[TimeControl "40/5400+30:1800+30"]

1. Nf3 d5 2. b3 Nf6 3. Bb2 Bf5 4. g3 e6 5. Bg2 a5 6. c4 a4 7. Qc1 h6 8. O-O Be7 9. d3 O-O 10. Na3 Bh7 11. Rd1 Na6 12. Nc2 c6 13. Ne5 Nd7 14. Nxd7 Qxd7 15. b4 Nc7 16. a3 Rfe8 17. e4 Bf8 18. f4 c5 19. b5 Rad8 20. Ne3 Na8 21. cxd5 exd5 22. Nxd5 Qxb5 23. Qc3 Qc6 24. Qa5 b6 25. Qa6 h5 26. h4 Qg6 27. Kf2 Qc6 28. Rac1 Rd6 29. Bf3 Qd7 30. Be5 Rh6 31. Kg2 Kh8 32. Rb1 Bg8 33. Bc3 Rb8 34. Qb5 Qxb5 35. Rxb5 Rc6 36. Rdb1 f6 37. e5 Rcc8 38. Nxb6 Nxb6 39. Rxb6 Rxb6 40. Rxb6 fxe5 41. Bxe5 Bf7 42. Ra6 Rd8 43. Be4 Bb3 44. Rh6+ Kg8 45. Bh7+ Kf7 46. Bg6+ Ke6 47. Rxh5 Bc2 48. Rh8 Ke7 49. Bc7 Rc8 50. Ba5 Rb8 51. h5 Bb1 52. Kh3 Kd6 53. d4 Bxg6 54. dxc5+ Kxc5 55. hxg6 Kc4 56. Bc7 Bd6 57. Bxb8 Bxa3 58. Be5 1-0

[Event "Turkish Super League 2019"]
[Site "Konya"]
[Date "2019.07.21"]
[Round "6"]
[White "Gunduz, Umut Erdem"]
[Black "Tanriverdi, Enes"]
[Result "0-1"]
[ECO "C00"]
[WhiteElo "2261"]
[BlackElo "2374"]
[Annotator "NA"]
[PlyCount "86"]
[EventDate "2019.07.17"]
[EventType "team-tourn"]
[EventCountry "TUR"]
[SourceTitle "playchess.com"]
[Source "ChessBase"]
[SourceQuality "1"]
[TimeControl "40/5400+30:1800+30"]

1. e4 c5 2. Nf3 e6 3. Qe2 Nc6 4. g3 g6 5. Bg2 Bg7 6. c3 Nge7 7. O-O O-O 8. d4 cxd4 9. cxd4 d5 10. Nc3 dxe4 11. Nxe4 Nf5 12. Bg5 f6 13. Bd2 Ncxd4 14. Nxd4 Nxd4 15. Qc4 b5 16. Qd3 Bb7 17. Bb4 f5 18. Nf6+ Rxf6 19. Bxb7 Rb8 20. Bg2 e5 21. Rad1 Rf7 22. Bc5 e4 23. Qb1 Rd7 24. Kh1 h5 25. Rd2 Bh6 26. Rxd4 Rxd4 27. Bxa7 Rc8 28. Bxd4 Qxd4 29. a3 Kg7 30. b4 Bd2 31. Qd1 Qd3 32. Qa1+ Bc3 33. Qa2 Qc4 34. Qb1 h4 35. Rc1 hxg3 36. hxg3 e3 37. fxe3 Qe2 38. Qc2 Qxe3 39. Bb7 Rc7 40. Kg2 Be5 41. Bc6 Qxg3+ 42. Kf1 Qxa3 43. Rb1 Rxc6 0-1

[Event "Turkish Super League 2019"]
[Site "Konya"]
[Date "2019.07.21"]
[Round "6"]
[White "Demircioglu, Emre"]
[Black "Secer, Ata"]
[Result "1/2-1/2"]
[ECO "D15"]
[WhiteElo "2242"]
[BlackElo "2324"]
[Annotator "NA"]
[PlyCount "79"]
[EventDate "2019.07.17"]
[EventType "team-tourn"]
[EventCountry "TUR"]
[SourceTitle "playchess.com"]
[Source "ChessBase"]
[SourceQuality "1"]
[TimeControl "40/5400+30:1800+30"]

1. d4 d5 2. c4 c6 3. Nf3 Nf6 4. e3 a6 5. Nc3 b5 6. c5 g6 7. Ne5 Bg7 8. f4 O-O 9. Be2 Nfd7 10. Nd3 a5 11. O-O Nf6 12. Bf3 b4 13. Na4 Nbd7 14. Nf2 Ba6 15. Re1 Qb8 16. Bd2 Bb5 17. a3 bxa3 18. bxa3 Qc7 19. Rb1 Rfb8 20. Qc2 Ne8 21. Nc3 Bc4 22. Be2 Bxe2 23. Nxe2 e6 24. Rxb8 Rxb8 25. Rb1 Rxb1+ 26. Qxb1 Bf6 27. a4 Bd8 28. Nc1 f6 29. Nb3 Qa7 30. Qc2 e5 31. Nd3 exd4 32. exd4 Qa6 33. Ndc1 Ng7 34. Qd3 Qa7 35. Ne2 f5 36. g3 Nf6 37. Kg2 Ne6 38. Ng1 Nf8 39. Nf3 N8d7 40. Be1 1/2-1/2

[Event "Turkish Super League 2019"]
[Site "Konya"]
[Date "2019.07.21"]
[Round "6"]
[White "Akdogan, Alperen"]
[Black "Dolgun, Can"]
[Result "1-0"]
[ECO "E90"]
[WhiteElo "2193"]
[BlackElo "2064"]
[Annotator "NA"]
[PlyCount "77"]
[EventDate "2019.07.17"]
[EventType "team-tourn"]
[EventCountry "TUR"]
[SourceTitle "playchess.com"]
[Source "ChessBase"]
[SourceQuality "1"]
[TimeControl "40/5400+30:1800+30"]

1. d4 Nf6 2. Nf3 g6 3. c4 Bg7 4. Nc3 O-O 5. e4 d6 6. h3 e5 7. d5 Nh5 8. g3 a5 9. Be2 Na6 10. Nh2 f5 11. exf5 Rxf5 12. Be3 Rf8 13. Nf3 Nf6 14. g4 Nc5 15. Qc2 Qe7 16. O-O-O Nfd7 17. Nd2 c6 18. f3 Rf4 19. h4 Na6 20. Nde4 Ndc5 21. Qd2 Nxe4 22. Nxe4 c5 23. Bxf4 exf4 24. Qxf4 Be5 25. Qg5 Qf8 26. Kb1 Bd7 27. h5 Be8 28. a3 b6 29. hxg6 Bxg6 30. Bd3 Ra7 31. f4 Rg7 32. fxe5 Bxe4 33. Qh6 Bxh1 34. Rxh1 Qe7 35. exd6 Qf7 36. Bf5 Kf8 37. d7 Qe7 38. Be6 Qd6 39. Qf6+ 1-0

[Event "Turkish Super League 2019"]
[Site "Konya"]
[Date "2019.07.21"]
[Round "6"]
[White "Karagollu, Ahmet"]
[Black "Caglar, Ahmet Ata"]
[Result "1-0"]
[ECO "B31"]
[WhiteElo "2135"]
[BlackElo "2051"]
[Annotator "NA"]
[PlyCount "59"]
[EventDate "2019.07.17"]
[EventType "team-tourn"]
[EventCountry "TUR"]
[SourceTitle "playchess.com"]
[Source "ChessBase"]
[SourceQuality "1"]
[TimeControl "40/5400+30:1800+30"]

1. e4 c5 2. Nf3 Nc6 3. Bb5 g6 4. O-O Bg7 5. Re1 Nf6 6. Nc3 O-O 7. e5 Ne8 8. d3 Nc7 9. a4 Ne6 10. h3 Ned4 11. Bf4 f6 12. exf6 Bxf6 13. Nd5 Nxf3+ 14. Qxf3 Bxb2 15. Bxc6 dxc6 16. Nxe7+ Kh8 17. d4 Bxd4 18. Rad1 Rf6 19. c3 Qf8 20. Rxd4 cxd4 21. Be5 Kg7 22. Bxd4 c5 23. Bxf6+ Qxf6 24. Qe4 Bd7 25. Nd5 Qf7 26. Qe5+ Kh6 27. Re4 g5 28. h4 Bf5 29. g4 Rd8 30. Ne3 1-0

[Event "Turkish Super League 2019"]
[Site "Konya"]
[Date "2019.07.21"]
[Round "6"]
[White "Aydin, Hakan Arda"]
[Black "Eren, Ataberk"]
[Result "0-1"]
[ECO "C08"]
[WhiteElo "1956"]
[BlackElo "2295"]
[Annotator "NA"]
[PlyCount "84"]
[EventDate "2019.07.17"]
[EventType "team-tourn"]
[EventCountry "TUR"]
[SourceTitle "playchess.com"]
[Source "ChessBase"]
[SourceQuality "1"]
[TimeControl "40/5400+30:1800+30"]

1. e4 e6 2. d4 d5 3. Nd2 c5 4. exd5 exd5 5. Ngf3 a6 6. Be2 Nc6 7. O-O cxd4 8. Nb3 Nf6 9. Re1 Be7 10. Nbxd4 O-O 11. c3 h6 12. Bf4 Bc5 13. Qb3 Qb6 14. Qxb6 Bxb6 15. Bd3 Bd7 16. Rad1 Rfe8 17. Nf5 Rxe1+ 18. Rxe1 Nh5 19. Bd6 Bxf5 20. Bxf5 g6 21. Bc2 Rd8 22. Ba3 d4 23. cxd4 Nxd4 24. Nxd4 Rxd4 25. Rd1 Rf4 26. Rd2 Nf6 27. Bd6 Rc4 28. b3 Rc6 29. Ba3 Ng4 30. Bd1 Nxf2 31. Rxf2 Rf6 32. Bf3 g5 33. Bb2 Rf5 34. Kf1 Bxf2 35. Kxf2 g4 36. Kg3 gxf3 37. gxf3 Rg5+ 38. Kf2 Rc5 39. Ke3 Rc2 40. Be5 Rxa2 41. Kd4 Rb2 42. Kc4 Rf2 0-1

[Event "Turkish Super League 2019"]
[Site "Konya"]
[Date "2019.07.21"]
[Round "6"]
[White "Ayan, Bengu Sena"]
[Black "Erdogan, Anil Berk"]
[Result "0-1"]
[ECO "A61"]
[WhiteElo "1885"]
[BlackElo "2116"]
[Annotator "NA"]
[PlyCount "88"]
[EventDate "2019.07.17"]
[EventType "team-tourn"]
[EventCountry "TUR"]
[SourceTitle "playchess.com"]
[Source "ChessBase"]
[SourceQuality "1"]
[TimeControl "40/5400+30:1800+30"]

1. d4 Nf6 2. c4 c5 3. d5 e6 4. Nc3 exd5 5. cxd5 d6 6. Nf3 g6 7. Bf4 a6 8. Nd2 b5 9. a4 Nh5 10. Be3 b4 11. Nce4 f5 12. g4 Nf6 13. gxf5 Nxe4 14. Nxe4 Bxf5 15. Ng3 Qf6 16. Qd2 Bg7 17. Nxf5 Qxf5 18. Bg2 O-O 19. O-O Nd7 20. f3 Nb6 21. Bh6 Bxh6 22. Qxh6 Nxd5 23. Qd2 Nf4 24. e3 Nxg2 25. Qxg2 Qe5 26. Qd2 Rfe8 27. e4 a5 28. Rad1 Rad8 29. b3 d5 30. exd5 Qe3+ 31. Kh1 Qxb3 32. d6 Qf7 33. Qg5 Qf5 34. Qh4 Rd7 35. Qc4+ Kg7 36. Rd5 Re5 37. Rd3 Qe6 38. Qa6 c4 39. Rd4 c3 40. Qc6 Re2 41. Qb5 Rd2 42. Rd1 Rxd1+ 43. Rxd1 c2 44. Rc1 Qxd6 0-1